 Dungeon Crawl Stone Soup version 0.30-a0-800-g7c544603b3 (webtiles) character file.

Game seed: 11863729342402550662

8859 Iich the Cleaver (level 11, -4/104 HPs)
             Began as a Hill Orc Fighter on Feb 21, 2023.
             Was an Initiate of Gozag.
             Slain by Snorg (15 damage)
             ... on level 10 of the Dungeon.
             The game lasted 00:15:14 (11746 turns).

Iich the Cleaver (Hill Orc Fighter)                Turns: 11746, Time: 00:15:15

Health: -4/104     AC: 24    Str: 20    XL:     11   Next: 37%
Magic:  11/11      EV: 11    Int:  8    God:    Gozag
Gold:   44         SH:  6    Dex: 14    Spells: 10/10 levels left

rFire   . . .      SeeInvis .    a - +0 war axe
rCold   . . .      Faith    .    c - +0 buckler
rNeg    . . .      Spirit   .    v - +0 plate armour
rPois   +          Reflect  .    (no helmet)
rElec   .          Harm     .    e - +2 cloak {rPois}
rCorr   .          Rampage  .    (no gloves)
Will    .....                    g - +2 pair of boots Stlth
                                 E - amulet of regeneration
HPRegen 1.17/turn                B - +5 ring of evasion
MPRegen 0.12/turn                t - +4 ring of protection

@: mighty, gold aura, slowed, invisible, very slow
A: no striking features
a: Renounce Religion, Potion Petition, Call Merchant, Bribe Branch


You were on level 10 of the Dungeon.
You worshipped Gozag.
Gozag was noncommittal.
You visited 2 branches of the dungeon, and saw 11 of its levels.

You collected 1046 gold pieces.
You spent 210 gold pieces at shops.
You paid 792 gold pieces to Gozag.

Inventory:

Hand Weapons
 a - a +0 war axe (weapon)
Missiles
 o - 2 throwing nets (quivered)
Armour
 b - a +0 scale mail
 c - a +0 buckler (worn)
 e - a +2 cloak of poison resistance (worn)
 g - a +2 pair of boots (worn)
 v - a +0 plate armour (worn)
Jewellery
 i - a ring of protection from cold
 t - a +4 ring of protection (right hand)
 u - an amulet of guardian spirit
 B - a +5 ring of evasion (left hand)
 E - an amulet of regeneration (around neck)
Wands
 y - a wand of flame (3)
 F - a wand of acid (7)
 G - a wand of roots (6)
Scrolls
 h - 3 scrolls of fear
 j - 2 scrolls of teleportation
 k - 2 scrolls of fog
 n - a scroll of poison
 r - a scroll of immolation
 w - a scroll of summoning
 x - 2 scrolls of noise
 D - a scroll of silence {unknown}
Potions
 d - a potion of might
 f - 3 potions of flight
 l - a potion of ambrosia
 m - a potion of brilliance
 p - a potion of attraction
 q - a potion of degeneration {unknown}
 s - a potion of invisibility
 z - a potion of berserk rage {unknown}
 A - a potion of mutation {unknown}
 C - a potion of heal wounds {unknown}


   Skills:
 + Level 11.6 Fighting
 * Level 14.6 Axes
 - Level 8.2 Armour
 - Level 8.2 Shields


You had 10 spell levels left.
You didn't know any spells.
Your spell library contained the following spells:

 Spells                   Type           Power      Damage    Failure   Level
 Beastly Appendage        Tmut           0%         N/A       100%        1
 Necrotise                Necr           0%         1d4       100%        1
 Blink                    Tloc           0%         N/A       100%        2
 Ensorcelled Hibernation  Hex/Ice        0%         N/A       100%        2
 Wereblood                Tmut           0%         N/A       100%        2
 Hailstorm                Conj/Ice       0%         3d3       100%        3
 Ignite Poison            Fire/Tmut/Pois 0%         N/A       100%        3
 Kindle Blastsparks       Fire/Tloc/Air  0%         2d10      100%        3
 Spider Form              Tmut/Pois      0%         N/A       100%        3
 Vampiric Draining        Necr           0%         2d6       100%        3
 Anguish                  Hex/Necr       0%         N/A       100%        4
 Ice Form                 Ice/Tmut       0%         N/A       100%        4
 Manifold Assault         Tloc           0%         N/A       100%        4
 Agony                    Necr           0%         N/A       100%        5
 Blade Hands              Tmut           0%         N/A       100%        5
 Freezing Cloud           Conj/Ice/Air   0%         6-21      100%        5
 Irradiate                Conj/Tmut      0%         3d11      100%        5
 Dragon Form              Tmut           0%         N/A       100%        7
 Storm Form               Tmut/Air       0%         N/A       100%        7
 Simulacrum               Ice/Necr       Unusable   N/A       N/A         6

Dungeon Overview and Level Annotations

Branches:
Dungeon (10/15)            Temple (1/1) D:7            Lair (0/5) D:9
    Orc: D:9-12

Altars:
Ashenzari
Cheibriados
Dithmenos
Elyvilon
Fedhas
Gozag
Hepliaklqana
Kikubaaqudgha
Makhleb
Nemelex Xobeh
Okawaru
Qazlal
Ru
Sif Muna
Trog
Uskayaw
Vehumet
Wu Jian
Xom
Yredelemnul
Zin
The Shining One

Shops:
D:3 [

Annotations:
D:4 Robin
D:10 Grum, Snorg


Message History

Nergalle is distracted by your dazzling golden aura.
The spectral orc warrior misses you. Snorg bites you but does no damage.
Snorg claws you but does no damage. Snorg barely misses you.
Nergalle shouts!
You strike the helpless Snorg from behind!
You slice Snorg!!
Snorg is severely wounded.
You slash Nergalle!
You kill Nergalle!
The spectral orc warrior disappears in a puff of smoke!
The wraith is no longer distracted by gold.
Your life force feels restored.
You slash Snorg!
Snorg is severely wounded.
You barely miss the wraith. Snorg bites you but does no damage.
Snorg claws you but does no damage. Snorg claws you.
* * * LOW HITPOINT WARNING * * *
Snorg bites you but does no damage. Snorg barely misses you.
Snorg claws you but does no damage. The wraith barely misses you.
You slice the wraith!!
The wraith is severely damaged.
You slash Snorg! Snorg barely misses you. Snorg claws you!
* * * LOW HITPOINT WARNING * * *
Snorg completely misses you. The wraith hits you!
* * * LOW HITPOINT WARNING * * *
The wraith drains your vigour!
You feel as though you will be slow longer.
Snorg bites you!
* * * LOW HITPOINT WARNING * * *
You block Snorg's attack. Snorg barely misses you.
The wraith hits you but does no damage.
Read: 2 scrolls of summoning
Press: ? - help, Q - select action, (/) - cycle Dir - look around, f - activate Look: a wraith (severely damaged)
As you read the scroll of summoning, it crumbles to dust.
Wisps of shadow whirl around you... Snorg bites you but does no damage.
Snorg barely misses you. You block Snorg's attack. Snorg bites you!
You die...
Your body crumbles into a pile of gold.

#..# .. ....
#..####...
....
#.........
.....
#.........
...z. #..#
....z. #.z#
.....z####..#
.....zTozz..#
#.oW@.cz.#
#z.#####.# #.
#... # #.....
#..###. #..
#..# . #..#
#..# #.###..#
#..# ...#
......# #..#


You could see Snorg (berserk, unable to see you, ally target), a wraith (ally
target), a friendly centaur (summoned), 9 friendly wights, a friendly orc wizard
(summoned) and a friendly orc (summoned).

Vanquished Creatures
  Josephine (D:10)
  A two-headed ogre (D:8)
  Erica (D:7)
  Nergalle (D:10)
  Sigmund (D:4)
  4 wraiths (D:10)
  A wyvern (D:9)
  Eustachio (D:4)
  9 yaks
  3 steam dragons
  Menkaure (D:5)
  2 water moccasins
  An ice beast (D:6)
  A sky beast (D:8)
  A black bear (D:5)
  2 wolves (D:10)
  2 ogres
  2 phantoms
  4 centaurs
  3 bullfrogs
  3 scorpions
  25 wights
  A howler monkey (D:6)
  An electric eel (D:9)
  2 hounds
  3 jellies
  2 iguanas
  5 orc priests
  3 orc wizards
  7 gnolls
  4 adders
  A shadow imp (D:6)
  2 white imps (D:6)
  2 worms
  13 dart slugs
  24 orcs
  5 ball pythons
  3 endoplasms
  2 giant cockroaches
  9 goblins
  6 hobgoblins
  4 kobolds
  2 quokkas (D:1)
  5 bats
  4 frilled lizards
  10 rats
190 creatures vanquished.

Vanquished Creatures (others)
  An orc (D:3)
1 creature vanquished.

Grand Total: 191 creatures vanquished

Notes
Turn   | Place    | Note
-------+----------+-------------------------------------------
     0 | D:1      | Iich the Hill Orc Fighter began the quest for the Orb.
     0 | D:1      | Reached XP level 1. HP: 19/19 MP: 1/1
   132 | D:1      | Reached XP level 2. HP: 23/27 MP: 2/2
   683 | D:1      | Reached XP level 3. HP: 33/33 MP: 3/3
   983 | D:2      | Reached XP level 4. HP: 39/40 MP: 4/4
  1435 | D:2      | Found a faded altar of an unknown god.
  1591 | D:3      | Reached XP level 5. HP: 38/47 MP: 5/5
  2100 | D:3      | Found Veluubyucu's Antique Armour Boutique.
  2124 | D:3      | Noticed a phantom
  2131 | D:3      | Killed a phantom
  2132 | D:3      | Reached skill level 5 in Armour
  2132 | D:3      | Reached skill level 5 in Shields
  2136 | D:3      | Reached XP level 6. HP: 47/53 MP: 6/6
  2476 | D:3      | Found an ancient bone altar of Kikubaaqudgha.
  2477 | D:3      | Found a sparkling altar of Nemelex Xobeh.
  3198 | D:4      | Noticed Sigmund
  3232 | D:4      | Killed Sigmund
  3233 | D:4      | Reached skill level 5 in Fighting
  3233 | D:4      | Reached XP level 7. HP: 22/61 MP: 7/7
  3421 | D:4      | Noticed Eustachio
  3567 | D:4      | Killed Eustachio
  3695 | D:4      | HP: 2/61 [gnoll/+0 halberd (4)]
  4191 | D:4      | Noticed Robin
  4226 | D:3      | Bought an embroidered cloak for 210 gold pieces
  4470 | D:5      | Entered Level 5 of the Dungeon
  4497 | D:5      | Found a blossoming altar of Fedhas.
  4540 | D:5      | Reached XP level 8. HP: 56/70 MP: 8/8
  4862 | D:5      | Noticed Menkaure
  4869 | D:5      | Killed Menkaure
  6305 | D:6      | Reached skill level 3 in Axes
  6305 | D:6      | Reached XP level 9. HP: 64/79 MP: 7/9
  6455 | D:6      | Reached skill level 4 in Axes
  7078 | D:6      | Reached skill level 5 in Axes
  7732 | D:7      | Reached skill level 6 in Axes
  8375 | D:7      | Reached skill level 7 in Axes
  8529 | D:7      | Found a snail-covered altar of Cheibriados.
  8661 | D:7      | Found a staircase to the Ecumenical Temple.
  8671 | Temple   | Entered the Ecumenical Temple
  8704 | Temple   | Became a worshipper of Gozag Ym Sagoz the Greedy
  9074 | D:8      | Noticed Erica
  9089 | D:7      | Killed Erica
  9090 | D:7      | Reached skill level 9 in Axes
  9377 | D:8      | Noticed a two-headed ogre
  9386 | D:8      | Killed a two-headed ogre
  9387 | D:8      | Reached skill level 10 in Axes
  9387 | D:8      | Reached XP level 10. HP: 46/91 MP: 4/10
  9598 | D:8      | Reached skill level 11 in Axes
 10265 | D:8      | Reached skill level 10 in Fighting
 10478 | D:8      | Reached skill level 12 in Axes
 11015 | D:9      | Found a white marble altar of Elyvilon.
 11165 | D:9      | Found a broken altar of Ashenzari.
 11169 | D:9      | Found a hide-covered altar of Uskayaw.
 11171 | D:9      | Found a glowing golden altar of the Shining One.
 11178 | D:9      | Found a hazy altar of Hepliaklqana.
 11178 | D:9      | Found a bloodstained altar of Trog.
 11290 | D:9      | Reached skill level 13 in Axes
 11296 | D:9      | Reached XP level 11. HP: 88/101 MP: 11/11
 11328 | D:9      | Found a staircase to the Lair.
 11612 | D:10     | Entered Level 10 of the Dungeon
 11647 | D:10     | Noticed Grum
 11651 | D:10     | Noticed Snorg
 11653 | D:10     | Noticed Josephine
 11717 | D:10     | Noticed Nergalle
 11733 | D:10     | Killed Josephine
 11734 | D:10     | Reached skill level 14 in Axes
 11743 | D:10     | Killed Nergalle
 11746 | D:10     | Slain by Snorg

Illustrated notes

Levels and vault maps discovered:
D:1:      matt_arrival_diagonals, layout_basic, minmay_pentomino_u2
D:2:      layout_loops_ring, shapermc_ecumenical_altar_mp_ritualfount
D:3:      kennysheep_slugbush, layout_basic, mainiacjoe_overflow_divided_tiny,
          serial_shops, shop, amcnicky_mini_pool_small
D:4:      layout_loops_cross, uniq_robin, uniq_eustachio, uniq_sigmund
D:5:      layout_basic, mainiacjoe_overflow_tiny_flanked,
          chequers_serial_rivers_micro_e, uniq_menkaure
D:6:      layout_loops_corners, minmay_misc_feat_five
D:7:      layout_cave_pools, slow_altar_1, minmay_temple_entry_grid
D:8:      layout_basic, uniq_erica
D:9:      layout_basic, minmay_overflow_temple_star_hex, elyvilon_altar_3,
          minmay_misc_feat_more_columns, minmay_misc_feat_room
D:10:     layout_long_grid, gammafunk_ghost_nasty_kobolds, uniq_snorg,
          uniq_grum, uniq_nergalle, uniq_josephine, uniq_erolcha
Temple:   minmay_temple_bridge_abc

Skill      XL: |  1  2  3  4  5  6  7  8  9 10 11 |
---------------+----------------------------------+-----
Fighting       | 4 5 7 9 10 11 | 11.6
Shields        | 4 5 6 8 |  8.2
Armour         | 4 5 6 8 |  8.2
Axes           | 3 10 13 14 | 14.6

Action                     |  1- 3 |  4- 6 |  7- 9 | 10-12 || total
---------------------------+-------+-------+-------+-------++-------
  Melee: War axe           |    78 |   131 |   343 |   209 ||   761
  Throw: Throwing net      |       |       |     2 |       ||     2
 Invoke: Potion Petition   |       |       |       |     1 ||     1
  Evoke: Wand              |       |       |       |     1 ||     1
    Use: Scroll            |     3 |       |     7 |     4 ||    14
         Potion            |     1 |     4 |     4 |       ||     9
   Stab: Invisible         |       |       |     5 |     2 ||     7
         Distracted        |       |       |       |     2 ||     2
 Armour: Scale mail        |    37 |    44 |   155 |       ||   236
         Skin              |       |       |    79 |       ||    79
         Plate armour      |       |       |   115 |   168 ||   283
  Dodge: Dodged            |    31 |    64 |   175 |   120 ||   390
  Block: Buckler           |    20 |    29 |   136 |    79 ||   264

Table legend: (Time is in decaauts)
 A = Elapsed time spent in this place.
 B = Non-inter-level travel time spent in this place.
 C = Inter-level travel time spent in this place.
 D = Time resting spent in this place.
 E = Time spent auto-exploring this place.
 F = Levels seen in this place.
 G = Mean time per level.
                   A        B        C        D        E       F      G
               +--------+--------+--------+--------+--------+-----+--------+
         Total |  11963 |  11652 |    311 |   3089 |   6760 |  11 | 1087.5 |
       Dungeon |  11903 |  11592 |    311 |   3089 |   6735 |  10 | 1190.3 |
        Temple |     60 |     60 |      0 |      0 |     25 |   1 |   60.0 |
               +--------+--------+--------+--------+--------+-----+--------+

Top non-repeatable levels by time:
     D:6: 2718 daAuts
     D:3: 1788 daAuts
     D:8: 1631 daAuts
     D:5: 1203 daAuts
     D:4: 1180 daAuts
     D:7: 935 daAuts
     D:2: 823 daAuts
     D:1: 805 daAuts
     D:9: 686 daAuts
    D:10: 130 daAuts
  Temple: 60 daAuts
